 Dungeon Crawl Stone Soup version 0.31-a0-435-g2c6fae2916 (webtiles) character file.

Game seed: 11343320312742648221

2938 LeprechaunX the Grappler (level 9, -1/61 HPs)
             Began as an Octopode Shapeshifter on Aug 1, 2023.
             Was a Priest of Cheibriados.
             Slain by a kobold brigand
             ... wielding a +0 short sword
              (5 damage)
             ... on level 7 of the Dungeon.
             The game lasted 00:09:08 (7303 turns).

LeprechaunX the Grappler (Octopode Shapeshifter)    Turns: 7303, Time: 00:09:08

Health: -1/61      AC:  1    Str: 23    XL:     9   Next: 80%
Magic:  12/12      EV: 16    Int: 16    God:    Cheibriados [***...]
Gold:   403        SH:  0    Dex: 20    Spells: 8/10 levels left

rFire   . .          .
                       - Unarmed
rCold   . . .        (no shield)
rNeg    . . .        (helmet currently unavailable)
rPois   .            (no amulet)
rElec   .            (no ring)
rCorr   .            (no ring)
SInv    .            (no ring)
Will    .....        (no ring)
Stlth   +++          (no ring)
HPRegen 0.30/turn    (no ring)
MPRegen 0.13/turn    (no ring)
                     (no ring)

%: no passive effects
@: beast-form, very slow
A: beast (slay +3), almost no armour, amphibious, 8 rings, camouflage 1,
gelatinous body 1, (nimble swimmer 1), tentacles
a: Begin Untransformation, Renounce Religion, Bend Time, Temporal Distortion


You were on level 7 of the Dungeon.
You worshipped Cheibriados.
Cheibriados was most pleased with you.
You were a hulking beast.
You visited 1 branch of the dungeon, and saw 7 of its levels.

You collected 403 gold pieces.

Inventory:

Missiles
 p - 10 boomerangs (quivered)
 w - a throwing net
Armour
 d - a +0 kite shield
Talismans
 b - a beast talisman (active)
Wands
 s - a wand of iceblast (12)
 x - a wand of mindburst (8)
 z - a wand of charming (12)
 A - a wand of flame (18)
Scrolls
 c - 2 scrolls of torment {unknown}
 e - 10 scrolls of identify {unknown}
 f - 3 scrolls of enchant weapon {unknown}
 g - a scroll of enchant armour {unknown}
 h - 3 scrolls of teleportation {unknown}
 i - 3 scrolls of immolation {unknown}
 j - 3 scrolls of fear {unknown}
 l - 3 scrolls of poison {unknown}
 m - a scroll of vulnerability {unknown}
 o - a scroll of silence {unknown}
 r - a scroll of noise {unknown}
 v - a scroll of revelation {unknown}
 y - 2 scrolls of amnesia {unknown}
Potions
 a - 2 potions of lignification
 k - 3 potions of curing {unknown}
 n - a potion of enlightenment {unknown}
 q - 2 potions of haste {unknown}
 t - a potion of might {unknown}
 u - 2 potions of mutation {unknown}


   Skills:
 - Level 5.0 Fighting
 - Level 5.0 Dodging
 * Level 8.9 Unarmed Combat
 + Level 1.0 Spellcasting
 + Level 1.1 Transmutations
 - Level 5.0 Invocations
 + Level 5.6 Shapeshifting


You had 8 spell levels left.
You knew the following spells:

 Your Spells              Type           Power      Damage    Failure   Level
a - Wereblood             Tmut           4%         N/A       22%         2

Your spell library contained the following spells:

 Spells                   Type           Power      Damage    Failure   Level
 Apportation              Tloc           0%         N/A       22%         1
 Necrotise                Necr           0%         1d4       22%         1
 Summon Small Mammal      Summ           0%         N/A       22%         1
 Portal Projectile        Hex/Tloc       0%         N/A       56%         3
 Tukima's Dance           Hex            0%         N/A       56%         3
 Iskenderun's Mystic Bla  Conj/Tloc      0%         2d3       92%         4
 Irradiate                Conj/Tmut      1%         3d12      99%         5


Dungeon Overview and Level Annotations

Branches:
Dungeon (7/15)             Temple (0/1) D:6

Altars:
Cheibriados
Dithmenos
Nemelex Xobeh
Okawaru
Sif Muna

Annotations:
D:4 1 runed translucent door, Crazy Yiuf


Innate Abilities, Weirdness & Mutations

You are a hulking beast.
Your limbs bulge with bestial killing power. (Slay +3)
You cannot wear most types of armour.
You are amphibious.
You can wear up to eight rings at the same time.
Your skin changes colour to match your surroundings (Stealth+).
Your rubbery body absorbs attacks. (AC +1, EV +1)
((You are camouflaged when in or above water. (Stealth+)))
You have tentacles for arms and can constrict up to eight enemies at once.


Message History

You constrict Maggie.
Maggie hits you with a +1 heavy broad axe!!
You tentacle-slap Maggie but do no damage.
You tentacle-slap Maggie, but do no damage.
Maggie is moderately wounded.
You constrict Maggie. You tentacle-slap Maggie. You squeeze Maggie!
Maggie is heavily wounded.
You constrict Maggie. Maggie closely misses you.
You tentacle-slap Maggie but do no damage.
Maggie is heavily wounded.
You constrict Maggie.
You tentacle-slap Maggie but do no damage.
You squeeze Maggie.
Maggie is heavily wounded.
You constrict Maggie.
Maggie hits you with a +1 heavy broad axe!!
* * * LOW HITPOINT WARNING * * *
You tentacle-slap Maggie but do no damage.
You squeeze Maggie!
Maggie is almost dead.
You constrict Maggie. Maggie closely misses you.
You tentacle-slap Maggie. You squeeze Maggie.
You kill Maggie!
Cheibriados thoroughly appreciates the change of pace.
You can now warp the flow of time around you.
Your Spellcasting skill increases to level 1!
Your Transmutations skill increases to level 1!
Unknown command.
You bludgeon the kobold brigand! You grab the kobold brigand.
The kobold brigand is moderately wounded.
You constrict the kobold brigand.
The kobold brigand hits you with a +0 short sword!
* * * LOW HITPOINT WARNING * * *
You bludgeon the kobold brigand!
You squeeze the kobold brigand, but do no damage.
The kobold brigand is severely wounded.
You constrict the kobold brigand.
The kobold brigand hits you with a +0 short sword.
You die...

### #.# . #.. ...
#.#######.....
#.#...hKKK.###
#.#.####K.##.#
######## #.#.#..
.#._.
.......####.#.#.###
....
♣♣♣♣♣.............##
..$
......#####.#.#.#..##
.. ♣♣♣.♣.#
###^#.#.#...# #
....♣.# #...........#
._..♣.# #...........#


You could see a kobold brigand and 3 kobolds.

Vanquished Creatures
  Pikel (D:6)
  Maggie (D:7)
  Grinder (D:3)
  A wyvern (D:5)
  2 water moccasins (D:5)
  An orc warrior (D:5)
  An ice beast (D:5)
  2 sky beasts
  A centaur (D:5)
  A phantom (D:5)
  3 lemures (D:6)
  Blork the orc (D:4)
  3 scorpions
  3 killer bees (D:7)
  A howler monkey (D:6)
  3 hounds (D:5)
  A gnoll bouda (D:5)
  2 orc priests (D:5)
  Ijyb (D:5)
  6 iguanas
  Robin (D:3)
  14 gnolls
  8 adders
  A shadow imp (D:5)
  A white imp (D:6)
  A worm (D:3)
  3 dart slugs
  17 orcs
  7 ball pythons
  7 endoplasms
  16 goblins
  10 hobgoblins
  6 jackals
  5 quokkas
  5 bats
  4 frilled lizards (D:1)
  8 kobolds
  8 rats
158 creatures vanquished.

Notes
Turn   | Place    | Note
-------+----------+-------------------------------------------
     0 | D:1      | LeprechaunX the Octopode Shapeshifter began the quest for
                  | the Orb.
     0 | D:1      | Reached XP level 1. HP: 13/13 MP: 1/1
   128 | D:1      | Reached XP level 2. HP: 18/18 MP: 2/2
   414 | D:1      | Reached XP level 3. HP: 13/23 MP: 3/3
  1072 | D:2      | Found a shimmering blue altar of Sif Muna.
  1254 | D:2      | Reached XP level 4. HP: 29/29 MP: 4/4
  1573 | D:2      | Reached skill level 4 in Unarmed Combat
  1970 | D:3      | Reached XP level 5. HP: 34/34 MP: 5/5
  1990 | D:3      | Noticed Robin
  2228 | D:3      | Noticed Grinder
  2234 | D:3      | Killed Grinder
  2235 | D:3      | Reached skill level 5 in Unarmed Combat
  2235 | D:3      | Reached XP level 6. HP: 33/41 MP: 6/6
  2301 | D:3      | Found a snail-covered altar of Cheibriados.
  2383 | D:3      | Killed Robin
  2618 | D:3      | Became a worshipper of Cheibriados the Contemplative
  3117 | D:4      | Found a runed translucent door.
  3118 | D:4      | Noticed Crazy Yiuf
  3259 | D:4      | Reached XP level 7. HP: 45/46 MP: 7/7
  3309 | D:4      | Noticed Blork the orc
  3318 | D:4      | Killed Blork the orc
  3767 | D:4      | Reached * piety under Cheibriados
  4045 | D:5      | Entered Level 5 of the Dungeon
  4276 | D:5      | Reached skill level 6 in Unarmed Combat
  4276 | D:5      | Reached skill level 1 in Invocations
  4278 | D:5      | Noticed a wyvern
  4291 | D:5      | Killed a wyvern
  4292 | D:5      | Reached XP level 8. HP: 26/54 MP: 7/9
  4513 | D:5      | Noticed Ijyb
  4526 | D:5      | Killed Ijyb
  4977 | D:5      | Found a sparkling altar of Nemelex Xobeh.
  5080 | D:5      | Reached skill level 7 in Unarmed Combat
  5535 | D:5      | Reached ** piety under Cheibriados
  5536 | D:5      | Reached skill level 5 in Dodging
  5705 | D:5      | Found the +7 staff of the Meek {protect, meekguard}
  5780 | D:5      | Found an iron altar of Okawaru.
  5931 | D:5      | Reached XP level 9. HP: 50/59 MP: 11/11
  6096 | D:5      | Learned a level 2 spell: Wereblood
  6257 | D:6      | Found a staircase to the Ecumenical Temple.
  6265 | D:6      | Noticed Pikel
  6283 | D:6      | Reached skill level 5 in Shapeshifting
  6308 | D:6      | Killed Pikel
  6309 | D:6      | Reached skill level 5 in Fighting
  6309 | D:6      | Reached skill level 8 in Unarmed Combat
  7217 | D:7      | Found a shimmering blue altar of Sif Muna.
  7240 | D:7      | Reached skill level 5 in Invocations
  7288 | D:7      | Noticed Maggie
  7289 | D:7      | Found a shadowy altar of Dithmenos.
  7300 | D:7      | Killed Maggie
  7300 | D:7      | Reached *** piety under Cheibriados
  7301 | D:7      | Reached skill level 1 in Spellcasting
  7301 | D:7      | Reached skill level 1 in Transmutations
  7303 | D:7      | Slain by a kobold brigand

Illustrated notes

Levels and vault maps discovered:
D:1:      reono_arrival_forest_river, layout_loops_ring
D:2:      layout_basic, basic_altar
D:3:      layout_basic, cheibriados_altar_1, uniq_robin, uniq_grinder
D:4:      layout_basic, uniq_crazy_yiuf_cottage, uniq_blork_the_orc
D:5:      layout_layer_cave, mainiacjoe_overflow_chevrons,
          nemelex_diamond_rough_becter, pf_guarded_unrand_meek, uniq_ijyb
D:6:      layout_loops_cross, minmay_temple_entry_arrows, uniq_pikel
D:7:      layout_basic, mainiacjoe_overflow_cross_hatched,
          nicolae_dithmenos_through_a_glass_darkly,
          nicolae_twisty_statue_hallways, uniq_maggie, uniq_joseph

Skill      XL: |  1  2  3  4  5  6  7  8  9 |
---------------+----------------------------+-----
Fighting       | 2 3 4 5 |  5.0
Unarmed Combat | 4 5 6 7 8 |  8.9
Dodging        | 3 4 5 |  5.0
Shapeshifting  | 4 5 |  5.6
Invocations    | 1 3 5 |  5.0
Spellcasting   | 1 |  1.0
Transmutations | 1 |  1.1

Action                     |  1- 3 |  4- 6 |  7- 9 || total
---------------------------+-------+-------+-------++-------
  Melee: Unarmed           |    77 |    92 |   175 ||   344
         Constrict         |    19 |    27 |    48 ||    94
         Tentacles         |    14 |    17 |    53 ||    84
         Punch             |     2 |     5 |    12 ||    19
  Throw: Boomerang         |       |       |    28 ||    28
 Invoke: Bend Time         |       |       |     1 ||     1
    Use: Potion            |       |       |     2 ||     2
   Stab: Sleeping          |     9 |     7 |     7 ||    23
         Distracted        |       |     1 |     1 ||     2
 Armour: Skin              |     3 |     9 |    27 ||    39
  Dodge: Dodged            |    34 |    52 |    97 ||   183

Table legend: (Time is in decaauts)
 A = Elapsed time spent in this place.
 B = Non-inter-level travel time spent in this place.
 C = Inter-level travel time spent in this place.
 D = Time resting spent in this place.
 E = Time spent auto-exploring this place.
 F = Levels seen in this place.
 G = Mean time per level.
                   A        B        C        D        E       F      G
               +--------+--------+--------+--------+--------+-----+--------+
         Total |   8514 |   8123 |    391 |    835 |   6131 |   7 | 1216.3 |
       Dungeon |   8514 |   8123 |    391 |    835 |   6131 |   7 | 1216.3 |
               +--------+--------+--------+--------+--------+-----+--------+

Top non-repeatable levels by time:
     D:5: 2625 daAuts
     D:3: 1275 daAuts
     D:4: 1262 daAuts
     D:6: 1168 daAuts
     D:2: 1025 daAuts
     D:1: 818 daAuts
     D:7: 337 daAuts
